 Dungeon Crawl Stone Soup version 0.17.1-3-g152610e (webtiles) character file.

273 MrTails the Chopper (level 6, 0/73 HPs)
             Began as a Demonspawn Berserker on Feb 22, 2016.
             Was a Believer of Trog.
             Slain by Pikel
             ... wielding a +1 whip of electrocution
              (3 damage)
             ... on level 4 of the Dungeon.
             The game lasted 00:04:34 (2882 turns).

MrTails the Chopper (Demonspawn Berserker)          Turns: 2882, Time: 00:04:34

Health: 0/73       AC:  9    Str: 25    XL:     6   Next: 2%
Magic:  6/6        EV:  7    Int:  8    God:    Trog [**....]
Gold:   146        SH:  0    Dex: 10    Spells: 0 memorised, 5 levels left

rFire  . . .     SeeInvis .     a - +0 hand axe
rCold  . . .     Clarity  .     b - +0 animal skin
rNeg   . . .     SustAt   .     (no shield)
rPois  .         Gourm    .     (no helmet)
rElec  .         Spirit   .     (no cloak)
rCorr  .         Warding  .     (no gloves)
rMut   .         Stasis   .     (no boots)
MR     .....                    (no amulet)
Stlth  ..........               (no ring)
                                (no ring)

@: berserking, very quick, not resistant to hostile enchantments, extremely
unstealthy
A: rough black scales 2
a: Berserk, Trog's Hand, Burn Spellbooks, Renounce Religion


You were on level 4 of the Dungeon.
You worshipped Trog.
Trog was pleased with you.
You were not hungry.

You visited 1 branch of the dungeon, and saw 4 of its levels.

You collected 146 gold pieces.

Inventory:

Hand Weapons
 a - a +0 hand axe (weapon)
Armour
 b - a +0 animal skin (worn)
 i - a +0 ring mail
 o - a cursed +0 cloak
Scrolls
 f - 2 scrolls of remove curse {unknown}
 h - 3 scrolls of identify {unknown}
 j - 2 scrolls of enchant weapon {unknown}
 k - 4 scrolls of teleportation {unknown}
 q - a scroll of noise {unknown}
 r - a scroll of fear {unknown}
Potions
 e - 2 potions of curing {unknown}
 g - 2 potions of agility
 l - a potion of resistance {unknown}
 m - a potion of cure mutation {unknown}
 n - a potion of heal wounds {unknown}
Comestibles
 c - 3 bread rations
 d - a meat ration


   Skills:
 + Level 4.4 Fighting
 * Level 4.6 Axes
 + Level 3.1 Armour
 - Level 1.8 Dodging


You had 5 spell levels left.
You didn't know any spells.

Dungeon Overview and Level Annotations

Branches:
Dungeon (4/15)
 Temple: D:4-7

Altars:

Annotations:
D:4 Pikel


Innate Abilities, Weirdness & Mutations

You are mostly covered in rough black scales (AC +7, Dex -2).


Message History

Trog accepts your kill.
You closely miss the adder skeleton. You hit Pikel.
Pikel is lightly wounded.
Pikel hits you with a whip of electrocution.
You are electrocuted!
* * * LOW HITPOINT WARNING * * *
The adder skeleton closely misses you.
You are too injured to fight recklessly!
Unknown command.
You are too injured to fight recklessly!
A red film seems to cover your vision as you go berserk!
You feel yourself moving faster!
You feel mighty!
You feel somewhat more hungry.
Pikel hits you with a whip of electrocution.
* * * LOW HITPOINT WARNING * * *
The adder skeleton barely misses you. Something barely misses you.
You feel a strong urge to attack something.
The adder skeleton bites you but does no damage.
Pikel hits you with a whip of electrocution.
You die...

........ .#+#
#......# ....
#......#.....
.##....).#...
............
#.....h..#
#....Z{K.#
#@# #+#


You could see Pikel, a jackal and an adder skeleton.

Vanquished Creatures
  An ogre (D:3)
  A hound (D:4)
  An orc wizard (D:3)
  6 adders
  An ooze (D:1)
  A worm (D:3)
  3 giant geckos
  10 orcs
  3 giant cockroaches
  5 goblins
  7 hobgoblins
  6 kobolds
  3 quokkas
  2 ball pythons
  12 bats
  A giant newt (D:1)
  4 rats
67 creatures vanquished.

Notes
Turn   | Place    | Note
--------------------------------------------------------------
     0 | D:1      | MrTails the Demonspawn Berserker began the quest for the Orb.
     0 | D:1      | Reached XP level 1. HP: 18/18 MP: 1/1
   309 | D:1      | Gained mutation: You are partially covered in rough black scales (AC +4, Dex -1). [demonic ancestry]
   309 | D:1      | Reached XP level 2. HP: 21/24 MP: 2/2
   692 | D:2      | Gained mutation: You are mostly covered in rough black scales (AC +7, Dex -2). [demonic ancestry]
   692 | D:2      | Reached XP level 3. HP: 27/29 MP: 3/3
   913 | D:2      | Reached ** piety under Trog
  1239 | D:2      | Reached XP level 4. HP: 29/36 MP: 4/4
  2153 | D:3      | Reached skill level 4 in Fighting
  2153 | D:3      | Reached XP level 5. HP: 15/42 MP: 5/5
  2481 | D:3      | Noticed an ogre
  2492 | D:3      | Killed an ogre
  2873 | D:4      | Noticed Pikel
  2876 | D:4      | Reached XP level 6. HP: 39/49 MP: 6/6
  2881 | D:4      | HP: 3/73 [Pikel/whip of electrocution (5)]
  2882 | D:4      | Slain by Pikel

Action                   |  1- 3 |  4- 6 || total
-------------------------+-------+-------++-------
Melee: Hand axe          |   138 |   150 ||   288
Invok: Berserk           |     1 |     4 ||     5
 Stab: Distracted        |     1 |       ||     1
       Sleeping          |       |     2 ||     2
  Eat: Chunk             |     2 |       ||     2
       Meat ration       |       |     2 ||     2
